[Event "Titled Tuesday Blitz February 15 Late 2022"]
[White "Lin, Dachey"]
[Black "Dreev, Aleksey"]
[WhiteFideId "2029650"]
[BlackFideId "4100107"]
[WhiteElo "2777"]
[BlackElo "2636"]
[Result "1-0"]
[Round "11"]
[TimeControl "180+1"]
[Date "2022.02.16"]
[WhiteClock "0:00:08"]
[BlackClock "0:00:02"]

1. Nc3 c5 2. e4 Nc6 3. f4 e6 4. Nf3 d5 5. g3 d4 6. Ne2 d3 7. cxd3 Nb4 8. Nc3 Nxd3+ 9. Bxd3 Qxd3 10. Qe2 Qxe2+ 11. Kxe2 b6 12. d4 Nf6 13. Rd1 Ba6+ 14. Kf2 cxd4 15. Nxd4 Bb4 16. Ndb5 Bc5+ 17. Kf3 Bxb5 18. Nxb5 O-O 19. Nc3 Bb4 20. Rd3 Rfd8 21. Rxd8+ Rxd8 22. Be3 Bxc3 23. bxc3 Rd3 24. Rc1 Ng4 25. Kxg4 Rxe3 26. Rd1 g6 27. Rd7 a5 28. Rb7 Rxc3 29. Rxb6 Rc2 30. h4 h5+ 31. Kf3 Rxa2 32. Ra6 Kg7 33. e5 a4 34. Ra7 a3 35. Ra6 Ra1 36. Kg2 g5 37. hxg5 Kg6 38. Kh2 Kf5 39. Kg2 a2 40. Ra4 Kg4 41. Kh2 Kf5 42. Kg2 Kg4 43. Kh2 Kf3 44. Ra3+ Ke4 45. Ra4+ Kd3 46. f5 exf5 47. e6 fxe6 48. g6 h4 49. g7 hxg3+ 50. Kg2 Rb1 51. g8=Q a1=Q 52. Rxa1 Rxa1 53. Qxe6 Rd1 54. Qxf5+ Kd2 55. Kxg3 Kc1 56. Qf2 Rd2 57. Qe3 Kc2 58. Qc5+ Kd3 59. Kf4 Rc2 60. Qd5+ Kc3 61. Ke3 Kb2 62. Qb5+ Kc1 63. Qb4 Kd1 64. Kd3 1-0


[Site "https://www.chess.com"]

[Event "Titled Tuesday Blitz February 15 Late 2022"]
[White "Martirosyan, Haik M."]
[Black "Fedoseev, Vladimir"]
[WhiteFideId "13306553"]
[BlackFideId "24130737"]
[WhiteElo "2735"]
[BlackElo "2726"]
[Result "1-0"]
[Round "11"]
[TimeControl "180+1"]
[Date "2022.02.15"]
[WhiteClock "0:00:14"]
[BlackClock "0:00:01"]

1. d4 Nf6 2. c4 e6 3. Nf3 a6 4. Nc3 Bb4 5. Bg5 h6 6. Bh4 b5 7. e3 c5 8. cxb5 axb5 9. Bxf6 Qxf6 10. Bxb5 cxd4 11. Qxd4 Qxd4 12. Nxd4 Ba6 13. Ke2 Bxc3 14. bxc3 Ke7 15. a4 Rc8 16. Kd2 g6 17. Rhb1 e5 18. Nb3 Bb7 19. f3 Bd5 20. e4 Be6 21. a5 Na6 22. Be2 d5 23. exd5 Bxd5 24. Nc1 Nc5 25. Rb6 e4 26. a6 Rc7 27. Ra5 Rd8 28. Kc2 exf3 29. gxf3 Be6 30. c4 Rdc8 31. Nb3 Nd7 32. Rb4 Nb8 33. Nd4 Nd7 34. Kc3 Ra8 35. f4 Nc5 36. a7 Bd7 37. Nb5 Bxb5 38. Rbxb5 Nd7 39. c5 Raxa7 40. Rxa7 Rxa7 41. c6 Rc7 42. Bf3 Nf8 43. f5 gxf5 44. Rxf5 Ne6 45. Kc4 Nd8 46. Kc5 1-0


[Site "https://www.chess.com"]

[Event "Titled Tuesday Blitz February 15 Late 2022"]
[White "Mekhitarian, Krikor Sevag"]
[Black "Hambleton, Aman"]
[WhiteFideId "2107660"]
[BlackFideId "2606577"]
[WhiteElo "2598"]
[BlackElo "2552"]
[Result "1-0"]
[Round "11"]
[TimeControl "180+1"]
[Date "2022.02.15"]
[WhiteClock "0:01:48"]
[BlackClock "0:00:01"]

1. e4 c5 2. Nf3 e6 3. d4 cxd4 4. Nxd4 Nc6 5. Nc3 Qc7 6. g3 a6 7. Bg2 Nf6 8. O-O Nxd4 9. Qxd4 Bc5 10. Bf4 d6 11. Qd3 h6 12. Na4 e5 13. Nxc5 exf4 14. Nb3 fxg3 15. hxg3 O-O 16. Rad1 Be6 17. Rfe1 Rfd8 18. Nd4 Bg4 19. Bf3 Bh3 20. c4 Rac8 21. b3 Nd7 22. Bg2 Nc5 23. Qd2 Bd7 24. Kh2 Re8 25. Nc2 Bc6 26. f3 Rcd8 27. Ne3 b5 28. cxb5 axb5 29. Nf5 Nb7 30. Qc3 f6 31. Rc1 Rc8 32. Nd4 Nc5 33. b4 Na4 34. Qb3+ 1-0


[Site "https://www.chess.com"]

[Event "Titled Tuesday Blitz February 15 Late 2022"]
[White "Mikhailov, Viacheslav"]
[Black "Zhurbinsky, David"]
[WhiteFideId "4187369"]
[BlackFideId "2072904"]
[WhiteElo "2381"]
[BlackElo "2531"]
[Result "1-0"]
[Round "11"]
[TimeControl "180+1"]
[Date "2022.02.15"]
[WhiteClock "0:01:18"]
[BlackClock "0:00:36"]

1. Nf3 Nf6 2. g3 d5 3. Bg2 c5 4. O-O Nc6 5. d4 e6 6. c4 Be7 7. cxd5 exd5 8. Nc3 O-O 9. Bf4 a6 10. dxc5 Bxc5 11. Rc1 Re8 12. Bg5 d4 13. Bxf6 Qxf6 14. Nd5 Qd6 15. Ng5 Bg4 16. Ne4 Rxe4 17. Bxe4 Re8 18. Qc2 Ba7 19. Nf4 Nb4 20. Qc7 Qxc7 21. Rxc7 Rxe4 22. Rxb7 Nc6 23. f3 Bc8 24. Rxa7 Rxf4 25. Rc7 1-0


[Site "https://www.chess.com"]

[Event "Titled Tuesday Blitz February 15 Late 2022"]
[White "Mikhailovsky, Vladimir"]
[Black "Stoleriu, George"]
[WhiteFideId "34105414"]
[BlackFideId "1227505"]
[WhiteElo "2371"]
[BlackElo "2203"]
[Result "0-1"]
[Round "11"]
[TimeControl "180+1"]
[Date "2022.02.15"]
[WhiteClock "0:00:46"]
[BlackClock "0:00:19"]

1. d4 e6 2. e4 d5 3. Nc3 Bb4 4. exd5 exd5 5. Bd3 Nc6 6. Ne2 Bg4 7. f3 Bh5 8. Bf4 Nge7 9. Qd2 Qd7 10. O-O-O O-O-O 11. h4 Bg6 12. h5 Bxd3 13. Qxd3 f6 14. g4 g5 15. hxg6 hxg6 16. g5 f5 17. Be5 Nxe5 18. dxe5 c6 19. Nf4 Ba5 20. Nce2 Bc7 21. e6 Qd6 22. Rxh8 Rxh8 23. Qd4 Qe5 24. Qxa7 Rh2 25. Rd2 Rh1+ 26. Rd1 Qxf4+ 27. Nxf4 Bxf4+ 28. Kb1 Rxd1# 0-1


[Site "https://www.chess.com"]

[Event "Titled Tuesday Blitz February 15 Late 2022"]
[White "Mikhalsky, Vladimir"]
[Black "Titichoca Daza, Daniel"]
[WhiteFideId "14144352"]
[BlackFideId "3309550"]
[WhiteElo "2248"]
[BlackElo "1968"]
[Result "1-0"]
[Round "11"]
[TimeControl "180+1"]
[Date "2022.02.16"]
[WhiteClock "0:00:33"]
[BlackClock "0:00:01"]

1. c4 b6 2. d4 Bb7 3. Nc3 Nf6 4. f3 c5 5. d5 e6 6. e4 exd5 7. cxd5 d6 8. a4 Be7 9. a5 O-O 10. a6 Bc8 11. Bb5 Ne8 12. Nge2 Nc7 13. Qd3 Nxb5 14. Qxb5 Bf6 15. Bf4 Be7 16. O-O Bd7 17. Qc4 b5 18. Nxb5 Qb6 19. Nec3 Nxa6 20. Nxd6 Nb4 21. Nf5 Bf6 22. Bd6 Rfc8 23. Ne7+ Bxe7 24. Bxe7 a6 25. Na4 Qb5 26. Rfc1 Nd3 27. Rc3 Qxc4 28. Rxc4 Rab8 29. Nxc5 Bb5 30. Rc2 Nb4 31. Rcc1 Nd3 32. Nxd3 Bxd3 33. Ba3 1-0


[Site "https://www.chess.com"]

[Event "Titled Tuesday Blitz February 15 Late 2022"]
[White "Moskalenko, Alexander"]
[Black "Deac, Bogdan-Daniel"]
[WhiteFideId "4155351"]
[BlackFideId "1226380"]
[WhiteElo "2515"]
[BlackElo "2646"]
[Result "0-1"]
[Round "11"]
[TimeControl "180+1"]
[Date "2022.02.15"]
[WhiteClock "0:00:01"]
[BlackClock "0:00:19"]

1. d4 Nf6 2. Nf3 d5 3. Bf4 c5 4. e3 Nc6 5. Nbd2 Nh5 6. dxc5 Nxf4 7. exf4 Qa5 8. c4 e6 9. a3 Qxc5 10. Rc1 Qd6 11. g3 g6 12. c5 Qe7 13. Ne5 Bg7 14. Ndf3 O-O 15. Bg2 f6 16. Nxc6 bxc6 17. O-O e5 18. Re1 Qc7 19. b4 Rb8 20. Qa4 Bg4 21. Qa6 Bc8 22. Qa4 a5 23. Qxa5 Qxa5 24. bxa5 Re8 25. fxe5 fxe5 26. Rb1 Ra8 27. Rb6 Bd7 28. a6 e4 29. Nd2 Bc3 30. Re2 Ba5 31. Nb3 Bxb6 32. cxb6 Rxa6 33. Nc5 Rxb6 34. Nxd7 Rb1+ 35. Bf1 Re7 36. Nc5 Ra7 37. a4 Rc1 38. Nb3 Rc3 39. Nd4 Rxa4 40. Rd2 Kf7 41. Kg2 Ra1 42. Be2 Ke7 43. Bg4 Kd6 44. Ne6 h5 45. Bh3 Rcc1 46. f4 Rg1+ 47. Kf2 Rh1 48. Bg2 Kxe6 49. Bxh1 Rxh1 50. Kg2 Rc1 51. Rc2 Rxc2+ 52. Kh3 d4 0-1


[Site "https://www.chess.com"]

[Event "Titled Tuesday Blitz February 15 Late 2022"]
[White "Niemann, Hans Moke"]
[Black "Dubov, Daniil"]
[WhiteFideId "2093596"]
[BlackFideId "24126055"]
[WhiteElo "2636"]
[BlackElo "2791"]
[Result "1-0"]
[Round "11"]
[TimeControl "180+1"]
[Date "2022.02.15"]
[WhiteClock "0:00:10"]
[BlackClock "0:00:02"]

1. d4 Nf6 2. Nc3 d5 3. Bf4 g6 4. e3 Bg7 5. Nb5 Na6 6. Nf3 O-O 7. h3 Ne4 8. c3 c6 9. Na3 Qa5 10. Be2 Bf5 11. Qb3 Qb6 12. O-O Rfd8 13. Rfd1 Rac8 14. Nh4 Be6 15. Nf3 Bf5 16. Rac1 Nc7 17. c4 Qxb3 18. axb3 c5 19. Bxc7 Rxc7 20. cxd5 Rxd5 21. b4 b6 22. bxc5 bxc5 23. b4 c4 24. Bxc4 Rdd7 25. g4 Be6 26. Bxe6 fxe6 27. Nc4 Rb7 28. Na5 Rb8 29. Nc6 Rb6 30. Nd2 Nd6 31. Nb3 Ne4 32. Nc5 Nxc5 33. Rxc5 a6 34. Rdc1 h6 35. h4 Kf7 36. g5 hxg5 37. hxg5 Rd5 38. f4 Bf8 39. e4 Rd6 40. e5 Rd7 41. Kf2 Rdb7 42. R1c4 Ke8 43. Ke2 Kf7 44. Kd3 Ke8 45. Kc3 Rd7 46. Na5 Kf7 47. Rc6 Rb5 48. R4c5 Rb8 49. Rxa6 Bg7 50. Nc6 Rh8 51. b5 Rb7 52. Na5 Rd7 53. b6 Rh1 54. b7 Rb1 55. Ra7 Rd5 56. Rxd5 exd5 57. Nc6 Ke6 58. b8=Q Rxb8 59. Rxe7+ Kf5 60. Nxb8 Ke4 61. Rxg7 1-0


[Site "https://www.chess.com"]

[Event "Titled Tuesday Blitz February 15 Late 2022"]
[White "Novikova, Galina"]
[Black "Komissarov, Alexey"]
[WhiteFideId "4157095"]
[BlackFideId "4176545"]
[WhiteElo "1863"]
[BlackElo "2216"]
[Result "0-1"]
[Round "11"]
[TimeControl "180+1"]
[Date "2022.02.16"]
[WhiteClock "0:02:22"]
[BlackClock "0:01:29"]

1. e4 e5 2. Nf3 Nc6 3. d4 exd4 4. Nxd4 d5 5. exd5 Qxd5 6. Be3 Nf6 7. a3 Bg4 8. Qd3 Nxd4 9. Bxd4 O-O-O 10. Nc3 Qxd4 11. Qb5 Bc5 0-1


[Site "https://www.chess.com"]

[Event "Titled Tuesday Blitz February 15 Late 2022"]
[White "Papasimakopoulos, Alexandros"]
[Black "Tari, Aryan"]
[WhiteFideId "4244125"]
[BlackFideId "1510045"]
[WhiteElo "2340"]
[BlackElo "2567"]
[Result "0-1"]
[Round "11"]
[TimeControl "180+1"]
[Date "2022.02.15"]
[WhiteClock "0:00:01"]
[BlackClock "0:00:03"]

1. d4 d5 2. c4 e6 3. Nc3 c5 4. cxd5 cxd4 5. Qa4+ Bd7 6. Qxd4 exd5 7. Qxd5 Nf6 8. Qb3 Na6 9. e3 Nc5 10. Qc2 Rc8 11. Nf3 Bd6 12. Be2 O-O 13. O-O Qe7 14. Bd2 a6 15. Rfd1 b5 16. a3 g6 17. Be1 Bf5 18. Qd2 Rfd8 19. Nd4 Nfe4 20. Nxe4 Bxe4 21. Rac1 Bb7 22. b4 Ne4 23. Qb2 Be5 24. Rxc8 Rxc8 25. Rc1 Rd8 26. Bf3 Qf6 27. Rd1 Qh4 28. h3 Bd5 29. Qc2 Re8 30. Nxb5 axb5 31. Rxd5 Ng5 32. Qd1 Nxf3+ 33. Qxf3 Qc4 34. Qd1 Bb2 35. Rc5 Qa2 36. Bc3 Qxa3 37. Bxb2 Qxb2 38. Rxb5 Ra8 39. Qf3 Ra6 40. Qe4 Rf6 41. Qe5 Qxf2+ 42. Kh2 h5 43. Rb8+ Kh7 44. Rb7 h4 45. Rc7 Rf5 46. Qd6 Rg5 0-1


[Site "https://www.chess.com"]

[Event "Titled Tuesday Blitz February 15 Late 2022"]
[White "Petrovic, Aleksa"]
[Black "Cori T., Deysi"]
[WhiteFideId "967629"]
[BlackFideId "3801934"]
[WhiteElo "2139"]
[BlackElo "2350"]
[Result "1-0"]
[Round "11"]
[TimeControl "180+1"]
[Date "2022.02.16"]
[WhiteClock "0:00:09"]
[BlackClock "0:01:35"]

1. e4 e6 2. d4 d5 3. Nc3 Be7 4. Nf3 Nf6 5. Bd3 a6 6. e5 Nfd7 7. Ne2 c5 8. c3 Nc6 9. O-O g5 10. Ne1 h5 11. f4 Qb6 12. dxc5 Qxc5+ 13. Kh1 gxf4 14. b4 Qb6 15. Bxf4 Ndxe5 16. Nf3 Ng4 17. Ned4 e5 18. Nxc6 exf4 19. Nxe7 Kxe7 20. Nd4 Ne3 21. Qe2 Bg4 22. Qf2 Qd6 23. Rae1 Rae8 24. Qxf4 Qxf4 25. Rxf4 Kf8 26. h3 Bd7 27. Rf3 Ng4 28. Rxe8+ Kxe8 29. Kg1 Ne5 30. Re3 f6 31. Nf3 Ke7 32. Nxe5 fxe5 33. Rxe5+ Kd6 34. Rg5 h4 35. Kf2 Rf8+ 36. Ke3 Re8+ 37. Kd4 Re1 38. Rxd5+ Kc6 39. Rh5 Rd1 40. Ke3 Re1+ 41. Kd2 Rg1 42. Be4+ Kc7 43. Rxh4 Be6 44. a4 b5 45. axb5 axb5 46. Bf3 Kd6 47. Rh6 Ke5 48. h4 Bc4 49. h5 Kf4 50. Rf6+ Kg5 51. Rb6 Rh1 52. h6 Kf4 53. Be2 Rh2 54. Bxc4 bxc4 55. Rg6 Kf5 56. Rc6 Rxg2+ 57. Ke3 Rg3+ 58. Kd4 Rg4+ 59. Kc5 Ke5 60. b5 Rh4 61. b6 Ke4 62. b7 Kd3 63. b8=Q Rh5+ 64. Kb6 Kxc3 65. Qg3+ Kb4 66. Rxc4+ Kxc4 67. Qg4+ Kb3 68. Qxh5 Ka4 69. h7 Ka3 70. h8=R Ka2 71. Rc8 Kb3 72. Qd1+ Kb4 73. Rc1 Ka3 74. Rb1 Ka2 75. Qb3# 1-0


[Site "https://www.chess.com"]

[Event "Titled Tuesday Blitz February 15 Late 2022"]
[White "Pichot, Alan"]
[Black "Jobava, Baadur"]
[WhiteFideId "110973"]
[BlackFideId "13601520"]
[WhiteElo "2543"]
[BlackElo "2617"]
[Result "1/2-1/2"]
[Round "11"]
[TimeControl "180+1"]
[Date "2022.02.15"]
[WhiteClock "0:00:07"]
[BlackClock "0:00:16"]

1. e4 e5 2. Nf3 Nf6 3. Nxe5 d6 4. Nf3 Nxe4 5. d4 d5 6. Bd3 Bd6 7. O-O O-O 8. c4 c6 9. Nc3 Nxc3 10. bxc3 dxc4 11. Bxc4 Nd7 12. Re1 h6 13. Qd3 Qf6 14. Bb3 Rd8 15. Qe4 Nf8 16. Ne5 Be6 17. Ng4 Qf5 18. Qxf5 Bxf5 19. Ne5 Be6 20. Rb1 Rab8 21. Bf4 Bxb3 22. axb3 Ne6 23. Bg3 Bc7 24. b4 a6 25. Nd3 Bxg3 26. hxg3 Kf8 27. Re5 Nc7 28. Nc5 Nb5 29. Rc1 b6 30. Nd3 Re8 31. Rxe8+ Kxe8 32. Ne5 Rc8 33. Nc4 Rb8 34. Ne5 Rc8 35. f3 f6 36. Nc4 Rb8 37. Kf2 Kd7 38. Ke2 Nd6 39. Ne3 a5 40. bxa5 bxa5 41. Ra1 Rb5 42. Kd3 h5 43. Ra3 Kc7 44. c4 Rg5 45. c5 Nb5 46. Rxa5 Rxg3 47. d5 h4 48. Ra6 cxd5 49. Rb6 h3 50. gxh3 Na7 51. Nxd5+ Kd7 52. Rd6+ Ke8 53. Ke4 Rxh3 54. c6 Rh4+ 55. f4 Nxc6 56. Rxc6 g5 57. Rxf6 gxf4 58. Nxf4 Ke7 59. Re6+ Kf7 60. Ra6 Rh1 61. Kf5 Ke7 62. Ra7+ Kd6 63. Ra2 Re1 64. Rd2+ Kc6 65. Nd3 Re8 66. Ne5+ Kc5 67. Rd7 Rh8 68. Rc7+ Kd5 69. Rd7+ Kc5 70. Rd1 Rh5+ 71. Kf4 Rh4+ 72. Ng4 Rh8 73. Ne3 Rf8+ 74. Nf5 Re8 75. Rc1+ Kd5 76. Ne3+ Kd4 77. Rd1+ Kc5 78. Ng4 Re2 79. Ne5 Rh2 80. Ke4 Rh4+ 81. Ke3 Rh3+ 82. Nf3 Rh8 83. Rd7 Re8+ 84. Kf4 Re2 85. Nd4 Rh2 86. Nf3 Re2 87. Rc7+ Kd6 88. Rc1 Re8 89. Rd1+ Kc5 90. Ne5 Rh8 91. Ke4 Rh4+ 92. Kf5 Rh5+ 93. Kf6 Rh6+ 94. Ng6 Rh2 95. Nf4 Kc4 96. Ke5 Kc3 97. Rd8 Rc2 98. Ke4 Kc4 99. Nd5 Re2+ 100. Ne3+ Kc5 101. Kd3 Rh2 102. Rd5+ Kc6 103. Rg5 Rh4 104. Nc4 Rh3+ 105. Kd4 Rh4+ 106. Kc3 Kd7 107. Ne5+ Ke6 108. Nd3 1/2-1/2


[Site "https://www.chess.com"]

[Event "Titled Tuesday Blitz February 15 Late 2022"]
[White "Pinto, Daniel"]
[Black "Quirke, Jeffrey"]
[WhiteFideId "3303144"]
[BlackFideId "2013029"]
[WhiteElo "1938"]
[BlackElo "2198"]
[Result "1-0"]
[Round "11"]
[TimeControl "180+1"]
[Date "2022.02.16"]
[WhiteClock "0:00:10"]
[BlackClock "0:00:02"]

1. e4 c5 2. Nf3 e6 3. d4 cxd4 4. Nxd4 a6 5. Nc3 b5 6. Bd3 Bb7 7. O-O Nc6 8. Be3 Ne5 9. Be2 b4 10. f4 Ng6 11. f5 Ne5 12. Bf4 Nc6 13. Na4 Qa5 14. b3 e5 15. Nxc6 Bxc6 16. Bg3 Bxa4 17. bxa4 Bc5+ 18. Kh1 Bd4 19. Rb1 Nf6 20. Bh4 Nxe4 21. Bf3 Nc3 22. Qd3 Rc8 23. Rbe1 O-O 24. f6 g6 25. Qd2 Kh8 26. Bg5 Qxa4 27. Bh6 Rg8 28. Bg7+ Rxg7 29. fxg7+ Kxg7 30. Be4 f5 31. Qg5 1-0


[Site "https://www.chess.com"]

[Event "Titled Tuesday Blitz February 15 Late 2022"]
[White "Ramirez, Alejandro"]
[Black "Tanenbaum, Zachary"]
[WhiteFideId "6500617"]
[BlackFideId "2060850"]
[WhiteElo "2694"]
[BlackElo "2168"]
[Result "1-0"]
[Round "11"]
[TimeControl "180+1"]
[Date "2022.02.15"]
[WhiteClock "0:00:04"]
[BlackClock "0:00:01"]

1. Nf3 d5 2. c4 dxc4 3. e3 a6 4. Bxc4 Nf6 5. O-O e6 6. b3 c5 7. Bb2 Nc6 8. a3 Be7 9. Qc2 O-O 10. Nc3 b5 11. Be2 Bb7 12. Rfd1 Rc8 13. Rac1 Nd4 14. exd4 cxd4 15. Qb1 dxc3 16. dxc3 Qb6 17. Ne5 Ne4 18. Nd3 Rfd8 19. Rc2 Nc5 20. Nxc5 Bxc5 21. Bd3 Rd6 22. Re2 Rcd8 23. Bxh7+ Kh8 24. Rxd6 Rxd6 25. Bc2 Bxf2+ 26. Kf1 Be3 27. Qe1 Qc6 28. Qh4+ Kg8 29. c4 Bh6 30. Qg4 bxc4 31. Be5 Rd5 32. bxc4 1-0


[Site "https://www.chess.com"]

[Event "Titled Tuesday Blitz February 15 Late 2022"]
[White "Reprintsev, Alexander"]
[Black "Gerbelli Neto, Eduardo"]
[WhiteFideId "14100541"]
[BlackFideId "2103281"]
[WhiteElo "2126"]
[BlackElo "2178"]
[Result "0-1"]
[Round "11"]
[TimeControl "180+1"]
[Date "2022.02.16"]
[WhiteClock "0:00:09"]
[BlackClock "0:02:25"]

1. e4 e5 2. f4 Nc6 3. Nf3 f5 4. exf5 e4 5. Ne5 Nxe5 6. fxe5 Qe7 7. Qh5+ Kd8 8. d4 exd3 9. Bg5 Nf6 10. Bxf6 gxf6 11. Bxd3 Qxe5+ 12. Kd2 Qxb2 13. Qf7 Bb4+ 14. Ke2 Re8+ 15. Kf3 Qxa1 16. c3 Bxc3 0-1


[Site "https://www.chess.com"]

[Event "Titled Tuesday Blitz February 15 Late 2022"]
[White "Riehle, Marco"]
[Black "Przybylski, Wojciech"]
[WhiteFideId "12904392"]
[BlackFideId "1117599"]
[WhiteElo "2462"]
[BlackElo "2133"]
[Result "0-1"]
[Round "11"]
[TimeControl "180+1"]
[Date "2022.02.15"]
[WhiteClock "0:02:30"]
[BlackClock "0:00:04"]

1. e4 e5 2. Nf3 Nc6 3. Bc4 Nf6 4. d4 exd4 5. O-O Nxe4 6. Nc3 Nf6 7. Nxd4 Nxd4 8. Qxd4 Be7 9. Bg5 O-O 10. Rfe1 c6 11. Re3 d5 12. Bd3 Be6 13. Rae1 g6 14. h4 c5 15. Qa4 d4 16. Rxe6 fxe6 17. Bxf6 Rxf6 18. Ne4 Rf8 19. Qb3 Qb6 20. Bc4 Qxb3 21. axb3 Kg7 22. Bxe6 Rad8 23. g3 b6 24. Bc4 Rd7 25. Bb5 Rc7 26. Bc4 h6 27. Kg2 Bf6 28. Nd6 Be7 29. Nb5 Rd7 30. Be6 Rb7 31. Bd5 Rd7 32. Bc6 Rfd8 33. Bxd7 Rxd7 34. f4 a6 35. Na3 b5 36. Re5 Kf6 37. Kf3 Rd8 38. Nb1 Bd6 39. Re2 Bc7 40. Nd2 Rd7 41. Ne4+ Kf7 42. g4 Re7 43. Nxc5 Bd6 44. Rxe7+ Kxe7 45. Nxa6 Kd7 46. Ke4 Kc6 47. f5 gxf5+ 48. gxf5 Kb6 49. Kxd4 Kxa6 50. Kd5 Be7 51. c4 Bxh4 52. Kc6 bxc4 53. bxc4 h5 54. b4 Bg5 55. b5+ Ka5 56. b6 h4 57. b7 Bf4 58. f6 h3 59. f7 h2 60. f8=Q h1=Q+ 61. Kc5 Be3+ 62. Kd6 Qh2+ 63. Kc6 Qg2+ 64. Kd7 Qxb7+ 65. Ke6 Qe4+ 66. Kd6 Qd4+ 67. Kc7 Qb6+ 68. Kd7 Qb7+ 69. Kd6 Qb4+ 70. Kc6 Qxf8 71. Kb7 Qe7+ 72. Kc6 Qe6+ 73. Kb7 Qd7+ 74. Kb8 Qd8+ 75. Kb7 Qb6+ 76. Kc8 Qc6+ 77. Kb8 Ka6 78. c5 Bf4# 0-1


[Site "https://www.chess.com"]

[Event "Titled Tuesday Blitz February 15 Late 2022"]
[White "Romero Ruscalleda, Josep"]
[Black "Musovic, Armin"]
[WhiteFideId "2231859"]
[BlackFideId "939935"]
[WhiteElo "2433"]
[BlackElo "2250"]
[Result "1/2-1/2"]
[Round "11"]
[TimeControl "180+1"]
[Date "2022.02.16"]
[WhiteClock "0:00:12"]
[BlackClock "0:00:16"]

1. e4 c6 2. Nc3 d5 3. Nf3 dxe4 4. Nxe4 Nf6 5. Qe2 Nxe4 6. Qxe4 Qd5 7. Qh4 Qe6+ 8. Be2 Qg4 9. Qg3 Qxg3 10. hxg3 g6 11. d4 Bg7 12. Bh6 Kf8 13. O-O-O Bxh6+ 14. Rxh6 Kg7 15. Rdh1 Bg4 16. Kd2 Bh5 17. R6xh5 gxh5 18. Rxh5 Nd7 19. Bd3 h6 20. c3 Rad8 21. Ke2 Nf6 22. Re5 e6 23. Ra5 a6 24. Ne5 h5 25. f3 h4 26. gxh4 Rxh4 27. Ra3 Nd5 28. Kf2 f6 29. Ng4 Rh1 30. Rb3 Rd7 31. Kg3 Rd1 32. Bc4 Rd2 33. Nf2 Ne3 34. Bxe6 Re7 35. Ne4 Nf1+ 36. Kf4 Rxe6 37. Rxb7+ Kg6 38. Nxd2 Nxd2 39. Ra7 Re2 40. Rxa6 Rxg2 41. Rxc6 Nf1 42. b4 Rh2 43. Ke4 Re2+ 44. Kd3 Rxa2 45. b5 Rd2+ 46. Ke4 Rb2 47. b6 Kg5 48. f4+ Kg6 49. d5 Ng3+ 50. Kd4 Kf5 51. d6 Nh5 52. d7 Rd2+ 53. Kc5 Rxd7 54. Rd6 Rb7 55. Kc6 Rb8 56. Rd5+ Kg4 57. Rxh5 Kxh5 58. Kc7 Rg8 59. b7 Kg4 60. b8=Q Rxb8 61. Kxb8 Kxf4 62. Kc7 Ke5 63. Kb6 Kd5 64. Kb5 f5 65. c4+ Kd4 66. c5 f4 67. c6 f3 68. c7 f2 69. c8=Q f1=Q+ 70. Kb6 Qb1+ 71. Kc7 Qc2+ 72. Kd8 Qxc8+ 73. Kxc8 1/2-1/2


[Site "https://www.chess.com"]

[Event "Titled Tuesday Blitz February 15 Late 2022"]
[White "Rustemov, Alexander"]
[Black "Wieczorek, Oskar"]
[WhiteFideId "4119002"]
[BlackFideId "1133950"]
[WhiteElo "2775"]
[BlackElo "2319"]
[Result "0-1"]
[Round "11"]
[TimeControl "180+1"]
[Date "2022.02.16"]
[WhiteClock "0:00:04"]
[BlackClock "0:00:11"]

1. d4 Nf6 2. c4 c5 3. Nf3 cxd4 4. Nxd4 Nc6 5. g3 d6 6. Bg2 Bd7 7. O-O h5 8. Bg5 Qb6 9. Nb5 a6 10. Be3 Qd8 11. Nd4 h4 12. Nc3 hxg3 13. hxg3 g6 14. Qd2 Bg7 15. Rac1 Ng4 16. Nxc6 bxc6 17. Bd4 e5 18. Be3 Nxe3 19. Qxe3 Bh6 20. f4 Qe7 21. Qf2 Rb8 22. b3 exf4 23. gxf4 Bg7 24. e4 Be6 25. c5 dxc5 26. e5 Qh4 27. Qxh4 Rxh4 28. Bxc6+ Kf8 29. Ne2 c4 30. bxc4 Rb2 31. Rf2 Bh6 32. Bb7 Bg4 33. Kf1 Rxb7 34. c5 Bxe2+ 35. Kxe2 Rxf4 36. Rxf4 Bxf4 37. Rc2 Bxe5 38. c6 Rc7 39. Kd3 Ke7 40. Ke4 Kd6 41. Rd2+ Ke6 42. Rc2 f5+ 43. Kd3 Kd5 44. Rg2 Rxc6 45. Rd2 Rc3+ 46. Ke2+ Ke4 47. Rd8 Rc2+ 48. Kd1 Rxa2 49. Rg8 Rg2 50. Ke1 g5 51. Kf1 Rg3 52. Ra8 Ra3 53. Rxa6 Rxa6 0-1


[Site "https://www.chess.com"]

[Event "Titled Tuesday Blitz February 15 Late 2022"]
[White "Sadhwani, Raunak"]
[Black "Michelakos, Panagiotis"]
[WhiteFideId "35093487"]
[BlackFideId "4216067"]
[WhiteElo "2616"]
[BlackElo "2140"]
[Result "1-0"]
[Round "11"]
[TimeControl "180+1"]
[Date "2022.02.15"]
[WhiteClock "0:00:17"]
[BlackClock "0:00:01"]

1. d4 d5 2. Nf3 c5 3. dxc5 e6 4. Be3 Nf6 5. c3 Qc7 6. b4 a5 7. Nbd2 Nbd7 8. a3 Be7 9. Bg5 O-O 10. e3 h6 11. Bh4 b6 12. Bg3 e5 13. c6 Qxc6 14. Rc1 Qe6 15. Bb5 Bb7 16. O-O Rfd8 17. Qb3 Bd6 18. h3 g6 19. Rfe1 e4 20. Nd4 Qe7 21. Bc6 Bxg3 22. Bxb7 Bd6 23. Bxa8 Rxa8 24. c4 Qe5 25. Nf1 axb4 26. axb4 Qh5 27. Nc6 Rc8 28. b5 Nc5 29. Qd1 Nd3 30. Qxh5 Nxh5 31. cxd5 Nxe1 32. Rxe1 Nf6 33. Nd2 Kg7 34. Nc4 Bc5 35. d6 Nd7 36. Ra1 Kf6 37. Nd2 Kf5 38. g4+ Ke6 39. Nxe4 f5 40. Nxc5+ Nxc5 41. gxf5+ gxf5 42. Nd4+ Kxd6 43. Nxf5+ Ke5 44. Nxh6 Ke4 45. Kg2 Ne6 46. Ng4 Rc2 47. Ra6 1-0


[Site "https://www.chess.com"]

[Event "Titled Tuesday Blitz February 15 Late 2022"]
[White "Saim, Mohamed Ilias"]
[Black "Deviprasath, Sharvesh"]
[WhiteFideId "7900465"]
[BlackFideId "30938228"]
[WhiteElo "2006"]
[BlackElo "2102"]
[Result "0-1"]
[Round "11"]
[TimeControl "180+1"]
[Date "2022.02.16"]
[WhiteClock "0:00:10"]
[BlackClock "0:00:39"]

1. d4 Nf6 2. Nf3 g6 3. c4 Bg7 4. Bf4 O-O 5. Nc3 d6 6. e3 Nc6 7. e4 Bg4 8. Be2 Nd7 9. Qd2 Bxf3 10. Bxf3 Nxd4 11. Bd1 c5 12. Bh6 Ne5 13. Bxg7 Kxg7 14. f4 Nxc4 15. Qd3 Nxb2 16. Qd2 Nxd1 17. Rxd1 e6 18. e5 dxe5 19. fxe5 Qh4+ 20. g3 Qh5 21. O-O Rad8 22. Qf4 Kg8 23. Qf6 b5 24. Ne4 Ne2+ 25. Kg2 Rxd1 26. Rxd1 Nxg3 27. Re1 Nxe4 28. Rxe4 Qf5 29. Qxf5 exf5 30. Re2 Re8 31. Kf3 f6 32. h4 fxe5 33. Rc2 e4+ 34. Kf4 c4 35. Ke3 a6 36. a3 h6 37. Rc3 Kf8 38. Rc2 Kf7 39. Rd2 Kf6 40. Rd6+ Re6 41. Rxa6 Rxa6 42. Kd4 Rxa3 43. Kc5 c3 44. Kxb5 c2 45. Kc4 c1=Q+ 46. Kb4 Ra2 47. Kb3 Rb2+ 48. Ka3 0-1


[Site "https://www.chess.com"]

[Event "Titled Tuesday Blitz February 15 Late 2022"]
[White "Sarana, Alexey"]
[Black "Koziorowicz, Michal"]
[WhiteFideId "24133795"]
[BlackFideId "21809194"]
[WhiteElo "2665"]
[BlackElo "2166"]
[Result "1-0"]
[Round "11"]
[TimeControl "180+1"]
[Date "2022.02.15"]
[WhiteClock "0:01:17"]
[BlackClock "0:00:09"]

1. e4 c5 2. Nf3 d6 3. d4 cxd4 4. Nxd4 Nf6 5. Nc3 g6 6. Be3 Bg7 7. f3 O-O 8. Qd2 Nc6 9. O-O-O d5 10. exd5 Nxd5 11. Nxc6 bxc6 12. Bd4 Bxd4 13. Qxd4 Qb6 14. Na4 Qa5 15. b3 Qc7 16. Bc4 Rd8 17. Kb2 Be6 18. Nc5 Nf4 19. Nxe6 Nxe6 20. Qe3 Qf4 21. Qxf4 Nxf4 22. g3 Nd5 23. Rhe1 e6 24. a4 Kg7 25. Rd4 Kf6 26. Bd3 h5 27. Rc4 Rd6 28. Rc5 Rad8 29. Be4 Ne7 30. Re3 Rd2 31. h4 R8d6 32. Rec3 Rf2 33. f4 Nd5 34. Rd3 Rf1 35. c4 Rf2+ 36. Kc1 Rf1+ 37. Kd2 Rg1 38. cxd5 cxd5 39. Ke2 Rb6 40. Kf2 Rb1 41. Bf3 Rb2+ 42. Be2 Kf5 43. Rb5 Rc6 44. Ke3 Rc1 45. Bf3 f6 46. Kd4 Rg1 47. Be4+ Kg4 48. Bxg6 Rxg3 49. Bxh5+ Kxf4 50. Rxg3 Kxg3 51. Bf7 e5+ 52. Kxd5 Kxh4 53. a5 Kg5 54. a6 Kf4 55. Rb7 e4 56. Rxa7 Ra2 57. Kc5 e3 58. Bc4 e2 59. Re7 Kf3 60. Rxe2 1-0


[Site "https://www.chess.com"]